 Dungeon Crawl Stone Soup version 0.20-a0-641-g673355a (webtiles) character file.

112 PurpleRed the Chopper (level 4, -2/40 HPs)
             Began as a Minotaur Fighter on Feb 13, 2017.
             Slain by crawlisdead's ghost (4 damage)
             ... on level 3 of the Dungeon.
             The game lasted 00:04:20 (1921 turns).

PurpleRed the Chopper (Minotaur Fighter)            Turns: 1921, Time: 00:04:20

Health: -2/40      AC: 14    Str: 22    XL:     4   Next: 63%
Magic:  3/3        EV:  4    Int:  5    God:
Gold:   127        SH:  9    Dex:  9    Spells: 3/3 levels left

rFire    . . .     SeeInvis .   a - +0 war axe
rCold    . . .     Gourm    .   i - +0 plate armour
rNeg     . . .     Faith    .   c - +0 shield
rPois    .         Spirit   .   (helmet restricted)
rElec    .         Reflect  .   j - +0 cloak
rCorr    .         Harm     .   b - +0 pair of gloves
MR       .....                  (no boots)
Stlth    ..........             l - amulet of magic regeneration
Regen    0.2/turn               (no ring)
MPRegen  0.2/turn               (no ring)

@: invisible
A: retaliatory headbutt, horns 2
a: no special abilities


You were on level 3 of the Dungeon.
You were hungry.

You visited 1 branch of the dungeon, and saw 3 of its levels.

You collected 127 gold pieces.

Inventory:

Hand Weapons
 a - a +0 war axe (weapon)
Missiles
 o - 16 poisoned needles
 q - 2 tomahawks (quivered)
Armour
 b - a +0 pair of gloves (worn)
 c - a +0 shield (worn)
 i - a +0 plate armour (worn)
 j - a +0 cloak (worn)
Jewellery
 l - an amulet of magic regeneration (around neck)
Potions
 d - a potion of might
 e - 2 potions of lignification
 h - a potion of agility
 m - a potion of flight
 r - a potion of degeneration {unknown}
Comestibles
 f - 3 bread rations
 k - a meat ration
 p - 3 chunks of flesh


   Skills:
 - Level 4.1 Fighting
 * Level 4.9 Axes
 + Level 4.4 Armour
 - Level 3.6 Shields


You had 3 spell levels left.
You didn't know any spells.

Dungeon Overview and Level Annotations

Branches:
Dungeon (3/15)

Altars:
Nemelex Xobeh
Qazlal
Uskayaw
Vehumet

Annotations:
D:3 crawlisdead's ghost, amateur DsFE


Innate Abilities, Weirdness & Mutations

You reflexively headbutt those who attack you in melee.
You have a pair of horns on your head.


Message History

Crawlisdead's ghost is almost destroyed.
Crawlisdead's ghost points at you and mumbles some strange words.
The flame tongue hits you!
You completely miss crawlisdead's ghost.
Crawlisdead's ghost is almost destroyed.
You block crawlisdead's ghost's attack.
Crawlisdead's ghost casts a spell at you.
The flame tongue hits you!
You closely miss crawlisdead's ghost.
Crawlisdead's ghost is almost destroyed.
Crawlisdead's ghost casts a spell at you.
The flame tongue hits you!
* * * LOW HITPOINT WARNING * * *
You hit crawlisdead's ghost.
Crawlisdead's ghost is almost destroyed.
Crawlisdead's ghost hits you.
* * * LOW HITPOINT WARNING * * *
You fade into invisibility!
Crawlisdead's ghost hits you.
You die...

##.....## #..........#
##.......####..<##.#...#
#.........##.....#.#...#
'.........+........#...#
#........###'###..>....#
##......P#.P...##.....(#
##.....#.P.⌠...P###.###
##...##.......#....#
*#'####_P_._#@#####
*****.# #..#.#P#W#
,,,,*.# ########.#
***,*,#* #.# ***,,,,***
#.# ,,,,,,,,,******#.#
***,,,,*,,,,,,,..#
***,*,*********###
,,,,***


You could see crawlisdead's ghost.

Vanquished Creatures
  4 adders
  A worm (D:3)
  2 dart slugs (D:1)
  3 leopard geckos (D:2)
  An orc (D:3)
  3 giant cockroaches
  7 goblins
  6 hobgoblins
  5 jackals
  6 kobolds
  2 quokkas
  A ball python (D:1)
  8 bats
  6 frilled lizards
  8 rats
63 creatures vanquished.

Vanquished Creatures (others)
  A bush (D:3)
1 creature vanquished.

Grand Total: 64 creatures vanquished

Notes
Turn   | Place    | Note
-------+----------+-------------------------------------------
     0 | D:1      | PurpleRed the Minotaur Fighter began the quest for the Orb.
     0 | D:1      | Reached XP level 1. HP: 19/19 MP: 0/0
   195 | D:1      | Reached XP level 2. HP: 25/27 MP: 1/1
   772 | D:2      | Reached XP level 3. HP: 33/33 MP: 2/2
  1035 | D:2      | Found a sparkling altar of Nemelex Xobeh.
  1190 | D:2      | Reached XP level 4. HP: 40/40 MP: 3/3
  1880 | D:3      | Found a radiant altar of Vehumet.
  1880 | D:3      | Found a hide-covered altar of Uskayaw.
  1892 | D:3      | Found a stormy altar of Qazlal.
  1894 | D:3      | Noticed crawlisdead's ghost (amateur DsFE)
  1920 | D:3      | HP: 2/40 [crawlisdead's ghost (6)]
  1921 | D:3      | Slain by crawlisdead's ghost

Vault maps used:
D:1:      minmay_arrival_four_loops, hangedman_abyss_or_decor_lesser_grid
D:2:      nemelex_xobeh_ov_fountains_minmay
D:3:      gammafunk_temple_overflow_forgotten, first_bread

Skill      XL: |  1  2  3 |
---------------+----------+-----
Axes           | 3 4 |  4.9
Fighting       | 4 |  4.1
Armour         | 4 |  4.4
Shields        | |  3.6

Action                   |  1- 3 |  4- 6 || total
-------------------------+-------+-------++-------
Melee: War axe           |    87 |    82 ||   169
       Headbutt          |    10 |    13 ||    23
  Use: Scroll            |     8 |     5 ||    13
       Potion            |       |     2 ||     2
  Eat: Chunk             |     1 |     2 ||     3
Armor: Scale mail        |    19 |       ||    19
       Plate armour      |    30 |    50 ||    80
Dodge: Dodged            |    23 |    12 ||    35
Block: Shield            |    45 |    39 ||    84
